 Dungeon Crawl Stone Soup version 0.26.0-45-g9c1d065592 (webtiles) character file.

Game seed: 8417479437441243921

72 pokeman the Magician (level 4, 0/25 HPs)
             Began as a Deep Elf Hedge Wizard on Jan 29, 2021.
             Slain by a jackal (2 damage)
             ... on level 2 of the Dungeon.
             The game lasted 00:04:24 (2178 turns).

pokeman the Magician (Deep Elf Hedge Wizard)        Turns: 2178, Time: 00:04:25

Health: 0/25       AC:  2    Str:  7    XL:     4   Next: 7%
Magic:  0/13       EV: 13    Int: 20    God:
Gold:   80         SH:  5    Dex: 14    Spells: 3/14 levels left

rFire    . . .     SeeInvis .   a - +0 dagger
rCold    . . .     Faith    .   (no shield)
rNeg     . . .     Spirit   .   b - +0 robe
rPois    .         Reflect  +   c - +0 hat
rElec    .         Harm     .   (no cloak)
rCorr    .         Rampage  .   (no gloves)
Will     .....                  (no boots)
Stlth    ++........             m - amulet of reflection
HPRegen  0.08/turn              d - ring of flight
MPRegen  0.13/turn              (no ring)

@: no status effects
A: no striking features
a: Evoke Flight


You were on level 2 of the Dungeon.
You visited 1 branch of the dungeon, and saw 3 of its levels.

You collected 80 gold pieces.

Inventory:

Hand Weapons
 a - a +0 dagger (weapon)
Missiles
 h - 17 bolts
 q - 26 arrows
Armour
 b - a +0 robe (worn)
 c - a +0 hat (worn)
Jewellery
 d - a ring of flight (left hand)
 m - an amulet of reflection (around neck)
 n - an uncursed amulet of guardian spirit
Scrolls
 e - a scroll of fear {unknown}
 g - a scroll of remove curse {unknown}
 j - a scroll of teleportation {unknown}
 k - a scroll of random uselessness {unknown}
 l - 2 scrolls of amnesia {unknown}
 p - a scroll of identify {unknown}
Potions
 f - a potion of degeneration {unknown}
 i - 3 potions of curing {unknown}
 o - a potion of might {unknown}


   Skills:
 - Level 1.0 Fighting
 - Level 1.0 Armour
 + Level 2.5 Dodging
 - Level 2.4 Stealth
 * Level 5.5 Spellcasting
 + Level 2.1 Conjurations
 - Level 1.1 Summonings
 - Level 1.1 Translocations
 + Level 0.3 Fire Magic


You had 3 spell levels left.
You knew the following spells:

 Your Spells              Type           Power        Failure   Level
a - Magic Dart            Conj           56%          4%          1
b - Mephitic Cloud        Conj/Pois/Air  8%           24%         3
c - Call Imp              Summ           9%           11%         2
d - Blink                 Tloc           N/A          11%         2
e - Conjure Flame         Conj/Fire      10%          21%         3

Your spell library contained the following spells:

 Spells                   Type           Power        Failure   Level
 Slow                     Hex            5%           17%         2


Dungeon Overview and Level Annotations

Branches:
Dungeon (3/15)

Altars:
Gozag
Hepliaklqana
Ru


Message History

Your crimson imp hits the jackal but does no damage.
Unknown command.
Casting: Call Imp (safe; 11% risk of failure)
Confirm with . or Enter, or press ? or * to list all spells.
Aiming: Magic Dart (safe; 4% risk of failure)
Press: ? - help, Shift-Dir - straight line, f - jackal
Aim: a jackal (0% to evade)
The magic dart hits the jackal.
The jackal is heavily wounded.
The jackal barely misses you.
Your crimson imp hits the jackal but does no damage.
You hit the jackal but do no damage.
The jackal is heavily wounded.
The jackal barely misses you.
Your crimson imp blinks!
Unknown command.
You hit the jackal but do no damage.
The jackal is heavily wounded.
The jackal bites you.
You die...

#..### #.# #.#
#........# ....#
#.# #.# ####.....#
....# #.# #.#
#.....# ....# #.#
#.# #.....# ....#
#.# #.# #.....#
....# #.# #.#
#.....# .####
##.####.# ##.####
## ##....##h#
#.###### .###
##..##.##@#
##......#
...#####..###.##.#
#..####.#
......#..###...###
#######.#
........###.....##
##...##..
.........#.......#
##.....##.
........##..._...#
#.......#.
.........#.......#
#..._.....
......##.##.....##
###.......##
##...#######...####
#.##.....##


You could see a jackal.

Vanquished Creatures
  A gnoll (D:1)
  3 oozes (D:1)
  A dart slug (D:1)
  2 leopard geckos (D:2)
  6 bats
  2 giant cockroaches
  6 goblins
  5 hobgoblins
  4 jackals
  3 kobolds (D:1)
  3 frilled lizards
  9 rats
45 creatures vanquished.

Notes
Turn   | Place    | Note
-------+----------+-------------------------------------------
     0 | D:1      | pokeman the Deep Elf Hedge Wizard began the quest for the
                  | Orb.
     0 | D:1      | Reached XP level 1. HP: 10/10 MP: 7/7
   237 | D:1      | You fall into a shaft and drop 1 floor!
   421 | D:1      | Reached XP level 2. HP: 15/15 MP: 7/9
   742 | D:1      | Reached skill level 5 in Spellcasting
   809 | D:1      | Reached XP level 3. HP: 20/20 MP: 4/11
   813 | D:1      | Learned a level 3 spell: Mephitic Cloud
   816 | D:1      | Learned a level 2 spell: Call Imp
   819 | D:1      | Learned a level 2 spell: Blink
   823 | D:1      | Learned a level 3 spell: Conjure Flame
  1076 | D:1      | Reached skill level 1 in Armour
  1141 | D:1      | Reached skill level 1 in Fighting
  1406 | D:2      | Found a sacrificial altar of Ru.
  1818 | D:2      | Found a hazy altar of Hepliaklqana.
  2016 | D:2      | Found an opulent altar of Gozag.
  2080 | D:3      | Reached XP level 4. HP: 25/25 MP: 8/13
  2178 | D:2      | Slain by a jackal

Illustrated notes

Levels and vault maps discovered:
D:1:      dpeg_arrival_erosion, layout_rooms, minmay_pentomino_o2
D:2:      layout_rooms, lemuel_round_altar, old_standard_altar,
          lemuel_round_altar
D:3:      layout_loops_cross, lemuel_coloured_pillars_altar,
          grunt_dithmenos_smoke, kennysheep_generic_room_15

Skill      XL: |  1  2  3 |
---------------+----------+-----
Spellcasting   | 5 |  5.5
Armour         | 1 |  1.0
Fighting       | 1 |  1.0
Conjurations   | 2 |  2.1
Dodging        | |  2.5
Stealth        | |  2.4
Summonings     | |  1.1
Translocations | |  1.1
Fire Magic     | |  0.3

Action                   |  1- 3 |  4- 6 || total
-------------------------+-------+-------++-------
Melee: Dagger            |     6 |    39 ||    45
 Cast: Magic Dart        |   103 |    16 ||   119
       Call Imp          |       |     1 ||     1
Armor: Robe              |     7 |     9 ||    16
Dodge: Dodged            |    18 |    41 ||    59
Block: Other             |     4 |    20 ||    24
